 Dungeon Crawl Stone Soup version 0.32-a0-699-g1ee5eff69a (webtiles) character file.

Game seed: 5620422188516309008

22 BubbleThief the Sneak (level 3, -4/21 HPs)
             Began as a Kobold Brigand on Mar 14, 2024.
             Slain by a gnoll
             ... wielding a +0 spear
              (6 damage)
             ... on level 2 of the Dungeon.
             The game lasted 00:01:14 (687 turns).

BubbleThief the Sneak (Kobold Brigand)               Turns: 687, Time: 00:01:14

Health: -4/21      AC:  7    Str:  8    XL:     3   Next: 7%
Magic:  3/3        EV: 12    Int: 12    God:
Gold:   58         SH:  0    Dex: 18    Spells: 2/2 levels left

rFire   . . .        a - +2 dagger
rCold   . . .        (no shield)
rNeg    . . .        f - +0 acid dragon scales
rPois   .            (no helmet)
rElec   .            c - +0 cloak
rCorr   +            (no gloves)
SInv    .            (no boots)
Will    .....        (no amulet)
Stlth   ++++         (no ring)
HPRegen 0.23/turn    (no ring)
MPRegen 0.08/turn

%: no passive effects
@: no status effects
A: small, no large weapons, nightstalker 3
a: no special abilities


You were on level 2 of the Dungeon.
You visited 1 branch of the dungeon, and saw 2 of its levels.

You collected 58 gold pieces.

Inventory:

Hand Weapons
 a - a +2 dagger (weapon)
Missiles
 d - 14 poisoned darts (quivered)
 e - 3 curare-tipped darts
Armour
 b - a +0 robe
 c - a +0 cloak (worn)
 f - +0 acid dragon scales (worn)
Scrolls
 g - a scroll of immolation {unknown}
 i - a scroll of revelation {unknown}
 j - a scroll of teleportation {unknown}
Potions
 h - 2 potions of attraction {unknown}
 k - 2 potions of curing {unknown}


   Skills:
 - Level 2.1 Fighting
 + Level 3.6 Short Blades
 - Level 2.1 Throwing
 - Level 1.2 Dodging
 + Level 6.0 Stealth


You had 2 spell levels left.
You didn't know any spells.
Your spell library contained the following spells:

 Spells                   Type           Power      Damage    Failure   Level
 Freeze                   Ice            0%         1d3       52%         1
 Frozen Ramparts          Ice            0%         1d1       87%         3
 Hailstorm                Conj/Ice       0%         3d5       87%         3


Dungeon Overview and Level Annotations

Branches:
Dungeon (2/15)

Altars:


Innate Abilities, Weirdness & Mutations

You are small and have problems with some larger weapons.
You are completely attuned to the shadows.


Message History

A gnoll is nearby!
A gnoll comes into view. It is wielding a +0 spear.
Found 12 gold pieces.
A gnoll comes into view. It is wielding a +0 club.
The gnoll closely misses you.
You see here a ring of protection from cold.
You closely miss the gnoll.
The gnoll shouts!
The gnoll hits you with a +0 club. The gnoll hits you but does no damage.
The gnoll attacks as it pursues you! The gnoll completely misses you.
The gnoll attacks as it pursues you! The gnoll hits you with a +0 club.
You hit the gnoll.
The gnoll is moderately wounded.
The gnoll closely misses you.
You hit the gnoll but do no damage.
The gnoll is moderately wounded.
The gnoll closely misses you.
The gnoll hits you from afar with a +0 spear.
You hit the gnoll.
The gnoll is heavily wounded.
The gnoll hits you from afar with a +0 spear!
* * * LOW HITPOINT WARNING * * *
The gnoll barely misses you.
You aren't carrying any items that you can evoke.
Okay, then.
Okay, then.
You hit the gnoll.
The gnoll is severely wounded.
There are monsters nearby!
Unknown command.
You hit the gnoll.
The gnoll is almost dead.
The gnoll hits you from afar with a +0 spear.
* * * LOW HITPOINT WARNING * * *
The gnoll closely misses you.
Unknown command.
You hit the gnoll.
The gnoll is almost dead.
The gnoll hits you from afar with a +0 spear.
You die...

############......
###.................
##...##########......
########..### #......
..........## ####.##
......########### #.#
......####......#
#[##
#.#[#......#.....
#..# ......######@#
##.# .##..## #g# ##.
#.# #...#### #g#
###$.. #.#
##..##.###.###(.g#
#.#
####.##..##....=.#
#.#
.....##..........#
##.#
......#.#...#....#
#.####...
.................#
#..†...#.
.###..).#..##.....
...######


You could see 2 gnolls.

Vanquished Creatures
  2 giant cockroaches
  2 goblins
  A hobgoblin (D:1)
  2 jackals (D:1)
  A kobold (D:1)
  A quokka (D:1)
  3 ball pythons
  5 bats
  A frilled lizard (D:1)
  3 rats
21 creatures vanquished.

Notes
Turn   | Place    | Note
-------+----------+-------------------------------------------
     0 | D:1      | BubbleThief the Kobold Brigand began the quest for the Orb.
     0 | D:1      | Reached XP level 1. HP: 12/12 MP: 1/1
   107 | D:1      | Reached XP level 2. HP: 17/17 MP: 2/2
   608 | D:2      | Reached XP level 3. HP: 21/21 MP: 3/3
   624 | D:2      | Reached skill level 6 in Stealth
   687 | D:2      | Slain by a gnoll

Illustrated notes

Levels and vault maps discovered:
D:1:      dpeg_arrival_round_a, layout_rooms
D:2:      layout_rooms, hangedman_decor_points

Skill      XL: |  1  2  3 |
---------------+----------+-----
Short Blades   | 3 |  3.6
Stealth        | 6 |  6.0
Fighting       | |  2.1
Throwing       | |  2.1
Dodging        | |  1.2

Action                     || total
---------------------------++-------
  Melee: Dagger            ||    38
   Stab: Sleeping          ||    14
 Armour: Robe              ||     2
         Acid dragon scale ||    13
  Dodge: Dodged            ||    20

Table legend: (Time is in decaauts)
 A = Elapsed time spent in this place.
 B = Non-inter-level travel time spent in this place.
 C = Inter-level travel time spent in this place.
 D = Time resting spent in this place.
 E = Time spent auto-exploring this place.
 F = Levels seen in this place.
 G = Mean time per level.
                   A        B        C        D        E       F      G
               +--------+--------+--------+--------+--------+-----+--------+
         Total |    680 |    665 |     15 |      0 |    520 |   2 |  340.0 |
       Dungeon |    680 |    665 |     15 |      0 |    520 |   2 |  340.0 |
               +--------+--------+--------+--------+--------+-----+--------+

Top non-repeatable levels by time:
     D:1: 534 daAuts
     D:2: 145 daAuts
